Atomiques vs Staline
(R1)
Created - May 1, 2017 at 19:31
Goals
|
| Atomiques |
2 |
1 |
1 |
4 |
| Staline |
1 |
2 |
2 |
5 |
|
Shots
|
| Atomiques |
11 |
15 |
8 |
34 |
| Staline |
4 |
11 |
14 |
29 |
|
1st period
1. Staline , James Sheppard 21 (Corey Trivino 17, David Kolomatis 4) at 2:08
2. Atomiques , Marc-André Cliche 19 (Davis Drewiske 33) at 12:52
3. Atomiques , Dwight King 26 (Mikael Backlund 71, Branko Radivojevic 56) at 16:04
Penalties :
No Penalty
2nd period
4. Atomiques , Kenndal McArdle 31 (Ryan Shannon 41, Tyler Brenner 41) at 1:45
5. Staline , Corey Trivino 13 (James Sheppard 23, Dustin Kohn 39) at 7:38
6. Staline , Matt Pettinger 46 (Steven Goertzen 32) at 18:23
Penalties :
Matt Pettinger (StJ) for Tripping (Minor) at 2:04, Stu Bickel (StJ) for Fighting (Major) at 7:53, Shawn Belle (STB) for Fighting (Major) at 7:53, Matt Pettinger (StJ) for Goalie Interference (Minor) at 13:28
3rd period
7. Staline , Cody Eakin 25 (Dustin Kohn 40, Nick Spaling 36) at 7:12
8. Staline , Nick Spaling 37 (Jordan Caron 22, Cody Eakin 38) at 9:12
9. Atomiques , Brett Sutter 14 (John McCarthy 23) at 14:53
Penalties :
Philip Larsen (StJ) for Hooking (Minor) at 12:18, Davis Drewiske (STB) for Interference (Minor) at 17:40, Dwight King (STB) for Delaying the game (Minor) at 18:53
Goalie Stats
Sergei Bobrovsky (STB), 5 saves from 5 shots - (1.000), 10:48 minutes
Jeremy Smith (STB), 19 saves from 24 shots - (0.792), L, 5-5-2, 49:12 minutes
Allen York (StJ), 30 saves from 34 shots - (0.882), W, 35-20-8, 60:00 minutes
Players Stats for Atomiques
Player Name G A P +/- PIM S H SB GA TA FO MP PP MP PK MP
------------------------------------------------------------------------------------
Alex Berry 0 0 0 0 0 1 1 0 0 0 0/1 11:41 0:00 0:00
Andrew Kozek 0 0 0 0 0 2 2 0 1 0 0/0 11:15 0:00 0:00
Bobby Farnham 0 0 0 1 0 0 2 0 0 0 0/0 8:23 0:00 0:00
Branko Radivojevic 0 1 1 -2 0 2 1 0 0 1 3/4 22:25 3:19 1:46
Brett Sutter 1 0 1 1 0 3 0 0 1 0 3/3 8:35 0:00 0:12
Colby Cohen 0 0 0 2 0 0 2 1 0 0 0/0 13:34 0:00 0:00
Davis Drewiske 0 1 1 -1 2 6 1 5 1 2 0/0 24:51 3:17 0:20
Dmitri Orlov 0 0 0 2 0 1 0 1 0 0 0/0 13:56 0:00 1:20
Dwight King 1 0 1 -2 2 5 1 1 0 0 0/1 20:59 3:19 0:20
John McCarthy 0 1 1 1 0 0 0 0 0 0 1/1 8:23 0:00 0:00
Kenndal McArdle 1 0 1 0 0 3 2 0 0 0 0/0 17:24 2:38 0:00
Kyle Wharton 0 0 0 -2 0 0 1 2 0 1 0/0 22:00 2:40 0:59
Marc-André Cliche 1 0 1 0 0 1 0 0 0 0 1/3 11:15 0:00 0:00
Mikael Backlund 0 1 1 -2 0 0 0 0 0 0 16/27 21:31 3:19 0:52
Roman Polak 0 0 0 -2 0 0 1 1 0 0 0/0 22:00 2:40 0:59
Ryan Shannon 0 1 1 0 0 3 2 0 1 0 2/2 17:24 2:38 0:00
Shawn Belle 0 0 0 -1 5 3 1 4 1 1 0/0 23:31 3:17 1:20
Tyler Brenner 0 1 1 0 0 4 4 1 1 1 5/12 17:45 2:38 0:21
Players Stats for Staline
Player Name G A P +/- PIM S H SB GA TA FO MP PP MP PK MP
------------------------------------------------------------------------------------
Aaron Ness 0 0 0 0 0 0 0 0 0 0 0/0 5:18 0:00 0:00
Andrey Pedan 0 0 0 0 0 0 0 0 0 0 0/0 2:18 0:00 0:00
Barclay Goodrow 0 0 0 1 0 0 0 0 0 0 0/0 12:00 0:00 0:00
Brandon Burlon 0 0 0 0 0 1 0 0 0 0 0/0 19:28 0:49 2:40
Bryan Bickell 0 0 0 -1 0 0 0 0 0 0 0/0 8:39 0:00 2:03
Cody Eakin 1 1 2 1 0 2 2 2 1 1 2/11 19:44 0:56 1:52
Corey Trivino 1 1 2 1 0 3 2 0 1 1 3/7 13:52 0:00 1:52
David Desharnais 0 0 0 0 0 4 3 0 0 1 14/24 18:22 1:23 0:47
David Kolomatis 0 1 1 0 0 0 1 0 0 0 0/0 5:18 0:00 0:00
David Musil 0 0 0 0 0 0 0 0 0 0 0/0 0:00 0:00 0:00
Dustin Kohn 0 2 2 0 0 0 0 0 0 1 0/0 19:28 0:49 2:40
James Sheppard 1 1 2 1 0 4 2 0 0 0 0/0 12:00 0:00 0:00
Jiri Sekac 0 0 0 0 0 0 0 0 0 0 0/1 1:00 0:00 0:03
Jordan Caron 0 1 1 1 0 0 0 0 1 0 0/0 17:52 0:56 0:00
Keith Yandle 0 0 0 0 0 1 1 0 2 1 0/0 24:24 1:30 3:17
Mark Mitera 0 0 0 1 0 1 1 0 0 0 0/0 10:50 0:00 0:00
Matt Pettinger 1 0 1 0 4 5 1 0 1 0 3/4 23:37 1:23 1:01
Mike Reilly 0 0 0 0 0 0 0 0 0 0 0/0 0:00 0:00 0:00
Nick Spaling 1 1 2 0 0 3 1 0 0 0 0/0 19:15 0:56 0:47
Nikita Nesterov 0 0 0 0 0 0 0 0 0 0 0/0 0:00 0:00 0:00
Peter Holland 0 0 0 -1 0 0 0 2 0 0 0/5 7:01 0:00 0:25
Philip Larsen 0 0 0 0 2 0 0 1 0 1 0/0 11:25 0:00 0:00
Steven Goertzen 0 1 1 1 0 4 0 0 0 0 1/2 20:03 1:23 3:04
Stu Bickel 0 0 0 0 5 1 1 3 0 0 0/0 22:05 1:30 3:17
3 Stars
1 - Cody Eakin (StJ)
2 - James Sheppard (StJ)
3 - Corey Trivino (StJ)
Power Play
Atomiques - 0 on 3 Attempt(s) - 0.00%
Staline - 0 on 2 Attempt(s) - 0.00%
Penalty Kill
Atomiques - 2 on 2 Attempt(s) - 100.00%
- Score 0 goal in Penalty Kill
Staline - 3 on 3 Attempt(s) - 100.00%
- Score 0 goal in Penalty Kill
Team Stat
Atomiques - Hits : 21 - Faceoff Wins : 31 - Blocked Shots : 16 - Penalty Minutes : 9
Staline - Hits : 15 - Faceoff Wins : 23 - Blocked Shots : 8 - Penalty Minutes : 11
Official
Referees : Walkom Stephen and Marouelli Dan
Linesman : Mike Cvik and Pierre Champoux
Game Notes
Shawn Belle beats up Stu Bickel at 7:53 of 2nd period
Sergei Bobrovsky enters game at 9:12 of 3rd period
Finance
Level 1 -- Attendance: 1523 (76.15%) -- Ticket Income $53,305
Level 2 -- Attendance: 777 (77.70%) -- Ticket Income $11,655
Total Attendance: 2300 (76.67%)
Total Ticket Income: $64,960
Other Income: $3,248
Total Income: $68,208
Atomiques
5 vs 5 Forward
Center Left Wing Right Wing Time % Phy DF OF
1 Mikael Backlund Dwight King Branko Radivojevic 40 1 2 2
2 Tyler Brenner Kenndal McArdle Ryan Shannon 30 1 2 2
3 Marc-André Cliche Andrew Kozek Alex Berry 20 1 2 2
4 Brett Sutter John McCarthy Bobby Farnham 10 1 2 2
5 vs 5 Defense
Defense Defense Time % Phy DF OF
1 Shawn Belle Davis Drewiske 40 1 2 2
2 Kyle Wharton Roman Polak 30 1 2 2
3 Colby Cohen Dmitri Orlov 20 1 2 2
4 Shawn Belle Davis Drewiske 10 1 2 2
PowerPlay Forward
Center Left Wing Right Wing Time % Phy DF OF
1 Mikael Backlund Dwight King Branko Radivojevic 60 1 2 2
2 Tyler Brenner Kenndal McArdle Ryan Shannon 40 1 2 2
PowerPlay Defense
Defense Defense Time % Phy DF OF
1 Shawn Belle Davis Drewiske 60 1 2 2
2 Kyle Wharton Roman Polak 40 1 2 2
Penalty Kill 4 Players Forward
Center Wing Time % Phy DF OF
1 Branko Radivojevic Mikael Backlund 60 1 2 2
2 Tyler Brenner Dwight King 40 1 2 2
Penalty Kill 4 Players Defense
Defense Defense Time % Phy DF OF
1 Shawn Belle Davis Drewiske 60 1 2 2
2 Kyle Wharton Roman Polak 40 1 2 2
Penalty Kill - 3 Players Forward
Forward Time % Phy DF OF
1 Branko Radivojevic 60 1 2 2
2 Mikael Backlund 40 1 2 2
Penalty Kill - 3 Players Defense
Defense Defense Time % Phy DF OF
1 Shawn Belle Davis Drewiske 60 1 2 2
2 Kyle Wharton Roman Polak 40 1 2 2
4 vs 4 Forward
Center Wing Time % Phy DF OF
1 Branko Radivojevic Mikael Backlund 60 1 2 2
2 Tyler Brenner Dwight King 40 1 2 2
4 vs 4 Defense
Defense Defense Time % Phy DF OF
1 Shawn Belle Davis Drewiske 60 1 2 2
2 Kyle Wharton Roman Polak 40 1 2 2
Last Minutes Offensive
Center Left Wing Right Wing Defense Defense
Mikael Backlund Dwight King Branko Radivojevic Shawn Belle Davis Drewiske
Last Minutes Defensive
Center Left Wing Right Wing Defense Defense
Mikael Backlund Dwight King Branko Radivojevic Shawn Belle Davis Drewiske
Goaltenders
Starting : Jeremy Smith
Backup : Sergei Bobrovsky
Extra Forwards
Normal : Marc-André Cliche, Andrew Kozek, Brett Sutter - PP : Marc-André Cliche, Andrew Kozek - PK : Brett Sutter
Extra Defensemen
Normal : Colby Cohen, Dmitri Orlov, Kyle Wharton - PP : Colby Cohen - PK : Dmitri Orlov, Kyle Wharton
Penalty Shots
Branko Radivojevic, Mikael Backlund, Tyler Brenner, Dwight King, Ryan Shannon
Scratches
Alexander Sulzer (Healthy), Darren Kramer (Healthy), Mike Halmo (Healthy), Freddie Hamilton (Healthy), Max McCormick (Healthy)
Mitch Callahan (Healthy), Mac Bennett (Healthy), Joseph Cramarossa (Healthy), Fredrik Claesson (Healthy), Anthony Nigro (Healthy)
Eric Mestery (Healthy)
Staline
5 vs 5 Forward
Center Left Wing Right Wing Time % Phy DF OF
1 David Desharnais Matt Pettinger Steven Goertzen 40 1 2 2
2 Cody Eakin Nick Spaling Jordan Caron 30 1 2 2
3 Corey Trivino James Sheppard Barclay Goodrow 20 1 2 2
4 Peter Holland Bryan Bickell Matt Pettinger 10 1 2 2
5 vs 5 Defense
Defense Defense Time % Phy DF OF
1 Stu Bickel Keith Yandle 40 1 2 2
2 Dustin Kohn Brandon Burlon 30 1 2 2
3 Philip Larsen Mark Mitera 20 1 2 2
4 David Kolomatis Aaron Ness 10 1 2 2
PowerPlay Forward
Center Left Wing Right Wing Time % Phy DF OF
1 David Desharnais Matt Pettinger Steven Goertzen 60 1 2 2
2 Cody Eakin Nick Spaling Jordan Caron 40 1 2 2
PowerPlay Defense
Defense Defense Time % Phy DF OF
1 Stu Bickel Keith Yandle 60 1 2 2
2 Dustin Kohn Brandon Burlon 40 1 2 2
Penalty Kill 4 Players Forward
Center Wing Time % Phy DF OF
1 Matt Pettinger Steven Goertzen 60 1 2 2
2 Nick Spaling David Desharnais 40 1 2 2
Penalty Kill 4 Players Defense
Defense Defense Time % Phy DF OF
1 Stu Bickel Keith Yandle 60 1 2 2
2 Dustin Kohn Brandon Burlon 40 1 2 2
Penalty Kill - 3 Players Forward
Forward Time % Phy DF OF
1 Matt Pettinger 60 1 2 2
2 Steven Goertzen 40 1 2 2
Penalty Kill - 3 Players Defense
Defense Defense Time % Phy DF OF
1 Stu Bickel Keith Yandle 60 1 2 2
2 Dustin Kohn Brandon Burlon 40 1 2 2
4 vs 4 Forward
Center Wing Time % Phy DF OF
1 Matt Pettinger Steven Goertzen 60 1 2 2
2 Nick Spaling David Desharnais 40 1 2 2
4 vs 4 Defense
Defense Defense Time % Phy DF OF
1 Stu Bickel Keith Yandle 60 1 2 2
2 Dustin Kohn Brandon Burlon 40 1 2 2
Last Minutes Offensive
Center Left Wing Right Wing Defense Defense
David Desharnais Matt Pettinger Steven Goertzen Stu Bickel Keith Yandle
Last Minutes Defensive
Center Left Wing Right Wing Defense Defense
David Desharnais Matt Pettinger Steven Goertzen Stu Bickel Keith Yandle
Goaltenders
Starting : Allen York
Backup : Joni Ortio
Extra Forwards
Normal : Jiri Sekac, James Sheppard, Corey Trivino - PP : Jiri Sekac, James Sheppard - PK : Corey Trivino
Extra Defensemen
Normal : Andrey Pedan, Mike Reilly, Nikita Nesterov - PP : Andrey Pedan - PK : Mike Reilly, Nikita Nesterov
Penalty Shots
Matt Pettinger, Steven Goertzen, Nick Spaling, David Desharnais, Cody Eakin
Scratches
Brandon Mashinter (Back Surgery Injury), Danny Kristo (Broken Bone (Right Ankle) Injury)
% Time on Ice - Atomiques
Lines # - Real PCT - Wanted PCT - Time Play
Normal Forward
1 - 34% - 40% - 17:20
2 - 29% - 30% - 14:46
3 - 22% - 20% - 11:15
4 - 16% - 10% - 8:23
Normal Defense
1 - 37% - 40% - 19:13
2 - 35% - 30% - 18:21
3 - 23% - 20% - 12:08
4 - 4% - 10% - 2:02
PP Forward
1 - 56% - 60% - 3:19
2 - 44% - 40% - 2:38
PP Defense
1 - 55% - 60% - 3:17
2 - 45% - 40% - 2:40
PK Forward
1 - 77% - 60% - 1:12
2 - 23% - 40% - 0:21
PK Defense
1 - 56% - 60% - 0:52
2 - 44% - 40% - 0:41
PK3 Forward
1 - 100% - 60% - 0:46
2 - 0% - 40% - 0:00
PK3 Defense
1 - 61% - 60% - 0:28
2 - 39% - 40% - 0:18
44 Forward
1 - 0% - 60%
2 - 0% - 40%
44 Defense
1 - 0% - 60%
2 - 0% - 40%
Last Minute Offensive - 0:00
Last Minute Defensive - 0:00
Total
Forward - 60:00
Defense - 60:00
|
% Time on Ice - Staline
Lines # - Real PCT - Wanted PCT - Time Play
Normal Forward
1 - 31% - 40% - 16:10
2 - 34% - 30% - 17:32
3 - 23% - 20% - 12:00
4 - 12% - 10% - 6:02
Normal Defense
1 - 38% - 40% - 19:37
2 - 31% - 30% - 15:59
3 - 21% - 20% - 10:50
4 - 10% - 10% - 5:18
PP Forward
1 - 60% - 60% - 1:23
2 - 40% - 40% - 0:56
PP Defense
1 - 65% - 60% - 1:30
2 - 35% - 40% - 0:49
PK Forward
1 - 87% - 60% - 5:10
2 - 13% - 40% - 0:47
PK Defense
1 - 55% - 60% - 3:17
2 - 45% - 40% - 2:40
PK3 Forward
1 - 0% - 60%
2 - 0% - 40%
PK3 Defense
1 - 0% - 60%
2 - 0% - 40%
44 Forward
1 - 0% - 60%
2 - 0% - 40%
44 Defense
1 - 0% - 60%
2 - 0% - 40%
Last Minute Offensive - 0:00
Last Minute Defensive - 0:00
Total
Forward - 60:00
Defense - 60:00
|
Play by Play
1st period
0:01 of 1st period - David Desharnais wins face-off versus Mikael Backlund in neutral zone.
0:06 of 1st period - Slapshot by Steven Goertzen.
0:06 of 1st period - Shot Misses the Net.
0:12 of 1st period - Wrist shot by Branko Radivojevic.
0:12 of 1st period - Shot Blocked by Stu Bickel.
0:14 of 1st period - Backhand shot by Davis Drewiske.
0:14 of 1st period - Shot Misses the Net.
0:16 of 1st period - Slapshot by Shawn Belle.
0:16 of 1st period - Shot Misses the Net.
0:23 of 1st period - Icing by David Desharnais.
0:24 of 1st period - David Desharnais wins face-off versus Tyler Brenner in Staline zone.
0:24 of 1st period - David Desharnais is hit by Kenndal McArdle.
0:57 of 1st period - Slapshot by Dustin Kohn.
0:57 of 1st period - Shot Misses the Net.
1:34 of 1st period - Philip Larsen is hit by Colby Cohen and loses puck.
1:41 of 1st period - Snap shot by Nick Spaling.
1:41 of 1st period - Stopped by Jeremy Smith with a rebound.
1:59 of 1st period - Andrew Kozek is hit by James Sheppard and loses puck.
2:08 of 1st period - Wrist shot by James Sheppard.
2:08 of 1st period - Deflect By Shawn Belle.
2:08 of 1st period - Goal by James Sheppard - Atomiques : 0 - Staline : 1.
2:09 of 1st period - Ryan Shannon wins face-off versus David Desharnais in neutral zone.
3:20 of 1st period - Keith Yandle is hit by Bobby Farnham and loses puck.
4:13 of 1st period - Wrist shot by Nick Spaling.
4:13 of 1st period - Shot Misses the Net.
5:12 of 1st period - Icing by Davis Drewiske.
5:13 of 1st period - Brett Sutter wins face-off versus Jiri Sekac in Atomiques zone.
5:22 of 1st period - Slapshot by Dwight King.
5:22 of 1st period - Stopped by Allen York without a rebound.
5:23 of 1st period - Mikael Backlund wins face-off versus Cody Eakin in Staline zone.
5:32 of 1st period - Slapshot by Mikael Backlund.
5:32 of 1st period - Shot Misses the Net.
5:34 of 1st period - Slapshot by Dmitri Orlov.
5:34 of 1st period - Deflect By Cody Eakin.
5:34 of 1st period - Stopped by Allen York with a rebound.
6:11 of 1st period - Alex Berry is hit by Corey Trivino and loses puck.
6:32 of 1st period - Shawn Belle is hit by Cody Eakin and loses puck.
7:56 of 1st period - Icing by Nick Spaling.
7:57 of 1st period - Brett Sutter wins face-off versus Corey Trivino in Staline zone.
8:08 of 1st period - Wrist shot by James Sheppard.
8:08 of 1st period - Shot Misses the Net.
8:44 of 1st period - Keith Yandle is hit by Shawn Belle.
8:48 of 1st period - Snap shot by Steven Goertzen.
8:48 of 1st period - Deflect By David Desharnais.
8:48 of 1st period - Stopped by Jeremy Smith with a rebound.
8:50 of 1st period - Wrist shot by Keith Yandle.
8:50 of 1st period - Stopped by Jeremy Smith without a rebound.
8:51 of 1st period - Matt Pettinger wins face-off versus Tyler Brenner in Atomiques zone.
9:16 of 1st period - David Desharnais is hit by Andrew Kozek and loses puck.
10:03 of 1st period - Slapshot by James Sheppard.
10:03 of 1st period - Shot Blocked by Shawn Belle.
10:31 of 1st period - Wrist shot by Alex Berry.
10:31 of 1st period - Shot Misses the Net.
11:17 of 1st period - Ryan Shannon is hit by Mark Mitera and loses puck.
11:55 of 1st period - Backhand shot by Marc-André Cliche.
11:55 of 1st period - Shot Blocked by Peter Holland.
11:57 of 1st period - Snap shot by Alex Berry.
11:57 of 1st period - Shot Misses the Net.
11:59 of 1st period - Wrist shot by Davis Drewiske.
11:59 of 1st period - Stopped by Allen York without a rebound.
12:00 of 1st period - Mikael Backlund wins face-off versus Peter Holland in Staline zone.
12:03 of 1st period - Wrist shot by Branko Radivojevic.
12:03 of 1st period - Stopped by Allen York with a rebound.
12:42 of 1st period - Backhand shot by Tyler Brenner.
12:42 of 1st period - Stopped by Allen York with a rebound.
12:52 of 1st period - Wrist shot by Marc-André Cliche.
12:52 of 1st period - Goal by Marc-André Cliche - Atomiques : 1 - Staline : 1.
12:53 of 1st period - David Desharnais wins face-off versus Mikael Backlund in neutral zone.
12:58 of 1st period - Snap shot by Steven Goertzen.
12:58 of 1st period - Shot Misses the Net.
13:00 of 1st period - Slapshot by Keith Yandle.
13:00 of 1st period - Shot Misses the Net.
13:02 of 1st period - Slapshot by Stu Bickel.
13:02 of 1st period - Shot Blocked by Kyle Wharton.
13:04 of 1st period - Snap shot by Matt Pettinger.
13:04 of 1st period - Shot Misses the Net.
13:06 of 1st period - Wrist shot by David Desharnais.
13:06 of 1st period - Shot Blocked by Roman Polak.
13:08 of 1st period - Wrist shot by Matt Pettinger.
13:08 of 1st period - Shot Hit the Post.
13:45 of 1st period - Alex Berry is hit by James Sheppard and loses puck.
13:56 of 1st period - Barclay Goodrow is hit by Bobby Farnham and loses puck.
14:13 of 1st period - Backhand shot by James Sheppard.
14:13 of 1st period - Shot Blocked by Davis Drewiske.
14:23 of 1st period - Snap shot by Dwight King.
14:23 of 1st period - Shot Misses the Net.
14:25 of 1st period - Snap shot by Shawn Belle.
14:25 of 1st period - Stopped by Allen York without a rebound.
14:26 of 1st period - Ryan Shannon wins face-off versus David Desharnais in Staline zone.
14:27 of 1st period - Snap shot by Tyler Brenner.
14:27 of 1st period - Shot Misses the Net.
14:38 of 1st period - Snap shot by Matt Pettinger.
14:38 of 1st period - Shot Blocked by Colby Cohen.
15:17 of 1st period - Branko Radivojevic is hit by Matt Pettinger.
15:54 of 1st period - Icing by Colby Cohen.
15:55 of 1st period - Mikael Backlund wins face-off versus Peter Holland in Atomiques zone.
16:02 of 1st period - Snap shot by Dwight King.
16:02 of 1st period - Shot Misses the Net.
16:04 of 1st period - Snap shot by Dwight King.
16:04 of 1st period - Goal by Dwight King - Atomiques : 2 - Staline : 1.
16:05 of 1st period - Mikael Backlund wins face-off versus David Desharnais in neutral zone.
16:35 of 1st period - Keith Yandle is hit by Tyler Brenner and loses puck.
17:17 of 1st period - Branko Radivojevic is hit by David Kolomatis.
17:21 of 1st period - Snap shot by Dwight King.
17:21 of 1st period - Stopped by Allen York without a rebound.
17:22 of 1st period - Mikael Backlund wins face-off versus Cody Eakin in Staline zone.
17:25 of 1st period - Slapshot by Branko Radivojevic.
17:25 of 1st period - Shot Misses the Net.
17:48 of 1st period - Davis Drewiske is hit by David Desharnais and loses puck.
17:58 of 1st period - Wrist shot by Ryan Shannon.
17:58 of 1st period - Stopped by Allen York with a rebound.
18:20 of 1st period - Wrist shot by Matt Pettinger.
18:20 of 1st period - Shot Blocked by Dmitri Orlov.
18:32 of 1st period - Slapshot by Dustin Kohn.
18:32 of 1st period - Shot Misses the Net.
19:00 of 1st period - Slapshot by Ryan Shannon.
19:00 of 1st period - Shot Blocked by Cody Eakin.
19:02 of 1st period - Wrist shot by Tyler Brenner.
19:02 of 1st period - Shot Blocked by Stu Bickel.
19:04 of 1st period - Snap shot by Ryan Shannon.
19:04 of 1st period - Deflect By Kenndal McArdle.
19:04 of 1st period - Stopped by Allen York with a rebound.
Goals for this period are 2 for Atomiques vs 1 for Staline.
Shots for this period are 11 for Atomiques vs 4 for Staline.
2nd period
0:01 of 2nd period - Mikael Backlund wins face-off versus David Desharnais in neutral zone.
0:34 of 2nd period - Snap shot by Stu Bickel.
0:34 of 2nd period - Deflect By Jordan Caron.
0:34 of 2nd period - Shot Misses the Net.
0:34 of 2nd period - Puck is out of play.
0:35 of 2nd period - Tyler Brenner wins face-off versus Cody Eakin in Atomiques zone.
0:44 of 2nd period - Wrist shot by Tyler Brenner.
0:44 of 2nd period - Shot Misses the Net.
0:46 of 2nd period - Slapshot by Roman Polak.
0:46 of 2nd period - Shot Misses the Net.
0:56 of 2nd period - Kyle Wharton is hit by Nick Spaling and loses puck.
1:29 of 2nd period - Slapshot by Ryan Shannon.
1:29 of 2nd period - Shot Misses the Net.
1:37 of 2nd period - Slapshot by Tyler Brenner.
1:37 of 2nd period - Shot Misses the Net.
1:39 of 2nd period - Snap shot by Kenndal McArdle.
1:39 of 2nd period - Shot Misses the Net.
1:43 of 2nd period - Snap shot by Ryan Shannon.
1:43 of 2nd period - Shot Misses the Net.
1:45 of 2nd period - Snap shot by Kenndal McArdle.
1:45 of 2nd period - Goal by Kenndal McArdle - Atomiques : 3 - Staline : 1.
1:46 of 2nd period - Matt Pettinger wins face-off versus Mikael Backlund in neutral zone.
1:53 of 2nd period - Wrist shot by Steven Goertzen.
1:53 of 2nd period - Stopped by Jeremy Smith without a rebound.
1:54 of 2nd period - Mikael Backlund wins face-off versus David Desharnais in Atomiques zone.
2:04 of 2nd period - Minor Penalty to Matt Pettinger for Tripping.
2:05 of 2nd period - Mikael Backlund wins face-off versus Corey Trivino in Staline zone.
2:31 of 2nd period - Ryan Shannon is hit by Stu Bickel and loses puck.
2:54 of 2nd period - Wrist shot by Corey Trivino.
2:54 of 2nd period - Deflect By Bryan Bickell.
2:54 of 2nd period - Shot Misses the Net.
2:54 of 2nd period - Puck is out of play.
2:55 of 2nd period - Tyler Brenner wins face-off versus Corey Trivino in Atomiques zone.
3:08 of 2nd period - Backhand shot by Ryan Shannon.
3:08 of 2nd period - Stopped by Allen York with a rebound.
4:04 of 2nd period - Penalty to Matt Pettinger is over, Matt Pettinger is back on ice.
4:47 of 2nd period - Off-side.
4:48 of 2nd period - John McCarthy wins face-off versus Peter Holland in neutral zone.
5:12 of 2nd period - Nick Spaling is hit by Ryan Shannon and loses puck.
5:23 of 2nd period - Kenndal McArdle is hit by Cody Eakin and loses puck.
5:46 of 2nd period - Snap shot by Matt Pettinger.
5:46 of 2nd period - Shot Misses the Net.
6:20 of 2nd period - Snap shot by Brett Sutter.
6:20 of 2nd period - Shot Misses the Net.
6:22 of 2nd period - Slapshot by Davis Drewiske.
6:22 of 2nd period - Stopped by Allen York with a rebound.
6:24 of 2nd period - Slapshot by Shawn Belle.
6:24 of 2nd period - Shot Misses the Net.
6:26 of 2nd period - Slapshot by Shawn Belle.
6:26 of 2nd period - Stopped by Allen York with a rebound.
6:33 of 2nd period - Icing by Stu Bickel.
6:34 of 2nd period - David Desharnais wins face-off versus Tyler Brenner in Staline zone.
7:26 of 2nd period - Icing by Dmitri Orlov.
7:27 of 2nd period - Corey Trivino wins face-off versus Mikael Backlund in Atomiques zone.
7:30 of 2nd period - Wrist shot by James Sheppard.
7:30 of 2nd period - Stopped by Jeremy Smith with a rebound.
7:32 of 2nd period - Snap shot by James Sheppard.
7:32 of 2nd period - Shot Blocked by Shawn Belle.
7:34 of 2nd period - Slapshot by Corey Trivino.
7:34 of 2nd period - Shot Blocked by Davis Drewiske.
7:36 of 2nd period - Slapshot by Corey Trivino.
7:36 of 2nd period - Stopped by Jeremy Smith with a rebound.
7:38 of 2nd period - Slapshot by Corey Trivino.
7:38 of 2nd period - Goal by Corey Trivino - Atomiques : 3 - Staline : 2.
7:39 of 2nd period - David Desharnais wins face-off versus Branko Radivojevic in neutral zone.
7:44 of 2nd period - Wrist shot by David Desharnais.
7:44 of 2nd period - Stopped by Jeremy Smith with a rebound.
7:52 of 2nd period - Snap shot by Branko Radivojevic.
7:52 of 2nd period - Shot Blocked by Stu Bickel.
7:53 of 2nd period - Shawn Belle beats up Stu Bickel.
7:53 of 2nd period - Penalty to Stu Bickel for Fighting.
7:53 of 2nd period - Penalty to Shawn Belle for Fighting.
7:54 of 2nd period - David Desharnais wins face-off versus Mikael Backlund in Staline zone.
8:01 of 2nd period - Snap shot by David Desharnais.
8:01 of 2nd period - Stopped by Jeremy Smith with a rebound.
8:46 of 2nd period - James Sheppard is hit by Roman Polak and loses puck.
9:07 of 2nd period - Wrist shot by Matt Pettinger.
9:07 of 2nd period - Shot Hit the Post.
9:09 of 2nd period - Slapshot by David Desharnais.
9:09 of 2nd period - Shot Blocked by Davis Drewiske.
9:11 of 2nd period - Snap shot by Steven Goertzen.
9:11 of 2nd period - Stopped by Jeremy Smith with a rebound.
9:27 of 2nd period - Snap shot by Jordan Caron.
9:27 of 2nd period - Shot Misses the Net.
9:41 of 2nd period - Slapshot by Davis Drewiske.
9:41 of 2nd period - Stopped by Allen York with a rebound.
9:43 of 2nd period - Slapshot by Davis Drewiske.
9:43 of 2nd period - Shot Blocked by Peter Holland.
9:45 of 2nd period - Slapshot by Davis Drewiske.
9:45 of 2nd period - Shot Blocked by Philip Larsen.
10:23 of 2nd period - Wrist shot by Nick Spaling.
10:23 of 2nd period - Shot Misses the Net.
10:35 of 2nd period - Slapshot by Steven Goertzen.
10:35 of 2nd period - Shot Misses the Net.
10:49 of 2nd period - Wrist shot by Ryan Shannon.
10:49 of 2nd period - Shot Misses the Net.
11:47 of 2nd period - Snap shot by Ryan Shannon.
11:47 of 2nd period - Shot Misses the Net.
11:49 of 2nd period - Slapshot by Davis Drewiske.
11:49 of 2nd period - Stopped by Allen York with a rebound.
11:51 of 2nd period - Slapshot by Davis Drewiske.
11:51 of 2nd period - Stopped by Allen York with a rebound.
12:08 of 2nd period - Icing by Matt Pettinger.
12:09 of 2nd period - Tyler Brenner wins face-off versus Peter Holland in Staline zone.
12:10 of 2nd period - Wrist shot by Ryan Shannon.
12:10 of 2nd period - Shot Misses the Net.
12:16 of 2nd period - Wrist shot by Tyler Brenner.
12:16 of 2nd period - Stopped by Allen York with a rebound.
12:18 of 2nd period - Snap shot by Kenndal McArdle.
12:18 of 2nd period - Stopped by Allen York with a rebound.
12:20 of 2nd period - Wrist shot by Tyler Brenner.
12:20 of 2nd period - Stopped by Allen York without a rebound.
12:21 of 2nd period - Cody Eakin wins face-off versus Mikael Backlund in Staline zone.
12:54 of 2nd period - Snap shot by Steven Goertzen.
12:54 of 2nd period - Stopped by Jeremy Smith with a rebound.
12:56 of 2nd period - Snap shot by Steven Goertzen.
12:56 of 2nd period - Shot Blocked by Tyler Brenner.
13:15 of 2nd period - Icing by Roman Polak.
13:16 of 2nd period - David Desharnais wins face-off versus Marc-André Cliche in Atomiques zone.
13:23 of 2nd period - Wrist shot by Alex Berry.
13:23 of 2nd period - Stopped by Allen York with a rebound.
13:25 of 2nd period - Slapshot by Kyle Wharton.
13:25 of 2nd period - Deflect By Andrew Kozek.
13:25 of 2nd period - Stopped by Allen York without a rebound.
13:26 of 2nd period - David Desharnais wins face-off versus Mikael Backlund in Staline zone.
13:28 of 2nd period - Minor Penalty to Matt Pettinger for Goalie Interference.
13:29 of 2nd period - Mikael Backlund wins face-off versus Corey Trivino in Staline zone.
13:35 of 2nd period - Wrist shot by Branko Radivojevic.
13:35 of 2nd period - Stopped by Allen York with a rebound.
15:28 of 2nd period - Penalty to Matt Pettinger is over, Matt Pettinger is back on ice.
15:36 of 2nd period - Brandon Burlon is hit by Colby Cohen and loses puck.
15:45 of 2nd period - Slapshot by Matt Pettinger.
15:45 of 2nd period - Stopped by Jeremy Smith with a rebound.
16:01 of 2nd period - Wrist shot by Matt Pettinger.
16:01 of 2nd period - Stopped by Jeremy Smith without a rebound.
16:02 of 2nd period - Corey Trivino wins face-off versus Marc-André Cliche in Atomiques zone.
16:15 of 2nd period - Wrist shot by Andrew Kozek.
16:15 of 2nd period - Stopped by Allen York with a rebound.
16:17 of 2nd period - Slapshot by Roman Polak.
16:17 of 2nd period - Shot Misses the Net.
16:29 of 2nd period - Jordan Caron is hit by Ryan Shannon and loses puck.
17:00 of 2nd period - Wrist shot by Brett Sutter.
17:00 of 2nd period - Deflect By John McCarthy.
17:00 of 2nd period - Shot Blocked by Cody Eakin.
17:00 of 2nd period - Puck is out of play.
17:01 of 2nd period - Brett Sutter wins face-off versus Cody Eakin in Staline zone.
17:14 of 2nd period - Snap shot by John McCarthy.
17:14 of 2nd period - Deflect By Brett Sutter.
17:14 of 2nd period - Stopped by Allen York without a rebound.
17:15 of 2nd period - David Desharnais wins face-off versus Mikael Backlund in Staline zone.
17:48 of 2nd period - Backhand shot by Ryan Shannon.
17:48 of 2nd period - Deflect By Tyler Brenner.
17:48 of 2nd period - Deflect By Keith Yandle.
17:48 of 2nd period - Shot Misses the Net.
17:48 of 2nd period - Puck is out of play.
17:49 of 2nd period - Tyler Brenner wins face-off versus Cody Eakin in Staline zone.
18:01 of 2nd period - Nick Spaling is hit by Tyler Brenner and loses puck.
18:16 of 2nd period - Roman Polak is hit by David Desharnais and loses puck.
18:21 of 2nd period - Slapshot by Matt Pettinger.
18:21 of 2nd period - Shot Misses the Net.
18:23 of 2nd period - Wrist shot by Matt Pettinger.
18:23 of 2nd period - Goal by Matt Pettinger - Atomiques : 3 - Staline : 3.
18:24 of 2nd period - Mikael Backlund wins face-off versus David Desharnais in neutral zone.
19:00 of 2nd period - Slapshot by Kenndal McArdle.
19:00 of 2nd period - Shot Misses the Net.
19:24 of 2nd period - Snap shot by Brett Sutter.
19:24 of 2nd period - Shot Misses the Net.
Goals for this period are 1 for Atomiques vs 2 for Staline.
Shots for this period are 15 for Atomiques vs 11 for Staline.
3rd period
0:01 of 3rd period - David Desharnais wins face-off versus Mikael Backlund in neutral zone.
0:07 of 3rd period - Wrist shot by Matt Pettinger.
0:07 of 3rd period - Shot Blocked by Dwight King.
0:09 of 3rd period - Slapshot by David Desharnais.
0:09 of 3rd period - Shot Misses the Net.
0:11 of 3rd period - Wrist shot by David Desharnais.
0:11 of 3rd period - Stopped by Jeremy Smith with a rebound.
0:13 of 3rd period - Wrist shot by Matt Pettinger.
0:13 of 3rd period - Shot Blocked by Shawn Belle.
0:15 of 3rd period - Snap shot by Steven Goertzen.
0:15 of 3rd period - Shot Blocked by Davis Drewiske.
0:25 of 3rd period - Keith Yandle is hit by Tyler Brenner and loses puck.
1:06 of 3rd period - Wrist shot by Matt Pettinger.
1:06 of 3rd period - Stopped by Jeremy Smith with a rebound.
1:08 of 3rd period - Snap shot by Bryan Bickell.
1:08 of 3rd period - Shot Misses the Net.
1:10 of 3rd period - Slapshot by Mark Mitera.
1:10 of 3rd period - Stopped by Jeremy Smith with a rebound.
2:02 of 3rd period - Mark Mitera is hit by Alex Berry and loses puck.
2:09 of 3rd period - Kyle Wharton is hit by Keith Yandle and loses puck.
2:31 of 3rd period - Icing by Stu Bickel.
2:32 of 3rd period - David Desharnais wins face-off versus Tyler Brenner in Staline zone.
2:32 of 3rd period - David Desharnais is hit by Kenndal McArdle.
3:08 of 3rd period - Wrist shot by Nick Spaling.
3:08 of 3rd period - Stopped by Jeremy Smith without a rebound.
3:09 of 3rd period - Mikael Backlund wins face-off versus Cody Eakin in Atomiques zone.
3:56 of 3rd period - Wrist shot by Brett Sutter.
3:56 of 3rd period - Stopped by Allen York with a rebound.
4:16 of 3rd period - Jordan Caron is hit by Andrew Kozek and loses puck.
4:41 of 3rd period - Slapshot by Brandon Burlon.
4:41 of 3rd period - Stopped by Jeremy Smith without a rebound.
4:42 of 3rd period - Corey Trivino wins face-off versus Mikael Backlund in Atomiques zone.
4:49 of 3rd period - Wrist shot by Branko Radivojevic.
4:49 of 3rd period - Shot Misses the Net.
4:51 of 3rd period - Snap shot by Mikael Backlund.
4:51 of 3rd period - Shot Misses the Net.
5:24 of 3rd period - Icing by Keith Yandle.
5:25 of 3rd period - Marc-André Cliche wins face-off versus Cody Eakin in Staline zone.
5:40 of 3rd period - Slapshot by Cody Eakin.
5:40 of 3rd period - Stopped by Jeremy Smith with a rebound.
5:54 of 3rd period - Wrist shot by Cody Eakin.
5:54 of 3rd period - Shot Misses the Net.
5:56 of 3rd period - Snap shot by Jordan Caron.
5:56 of 3rd period - Deflect By Nick Spaling.
5:56 of 3rd period - Shot Blocked by Kyle Wharton.
5:56 of 3rd period - Puck is out of play.
5:57 of 3rd period - Steven Goertzen wins face-off versus Tyler Brenner in Atomiques zone.
6:22 of 3rd period - David Desharnais is hit by Davis Drewiske.
7:12 of 3rd period - Wrist shot by Cody Eakin.
7:12 of 3rd period - Goal by Cody Eakin - Atomiques : 3 - Staline : 4.
7:13 of 3rd period - Mikael Backlund wins face-off versus David Desharnais in neutral zone.
7:22 of 3rd period - David Desharnais is hit by Branko Radivojevic and loses puck.
7:43 of 3rd period - Wrist shot by Tyler Brenner.
7:43 of 3rd period - Stopped by Allen York with a rebound.
7:45 of 3rd period - Snap shot by Ryan Shannon.
7:45 of 3rd period - Stopped by Allen York without a rebound.
7:46 of 3rd period - Cody Eakin wins face-off versus Tyler Brenner in Staline zone.
7:48 of 3rd period - Icing by Nick Spaling.
7:49 of 3rd period - Tyler Brenner wins face-off versus Cody Eakin in Staline zone.
8:14 of 3rd period - David Desharnais is hit by Dwight King and loses puck.
8:53 of 3rd period - Stu Bickel is hit by Kyle Wharton and loses puck.
8:58 of 3rd period - Snap shot by Matt Pettinger.
8:58 of 3rd period - Stopped by Jeremy Smith with a rebound.
9:12 of 3rd period - Backhand shot by Jordan Caron.
9:12 of 3rd period - Deflect By Nick Spaling.
9:12 of 3rd period - Goal by Nick Spaling - Atomiques : 3 - Staline : 5.
9:12 of 3rd period - Sergei Bobrovsky enters game.
9:13 of 3rd period - Mikael Backlund wins face-off versus Steven Goertzen in neutral zone.
12:13 of 3rd period - Snap shot by Branko Radivojevic.
12:13 of 3rd period - Deflect By Dwight King.
12:13 of 3rd period - Stopped by Allen York with a rebound.
12:15 of 3rd period - Snap shot by Dwight King.
12:15 of 3rd period - Stopped by Allen York without a rebound.
12:16 of 3rd period - David Desharnais wins face-off versus Tyler Brenner in Staline zone.
12:18 of 3rd period - Minor Penalty to Philip Larsen for Hooking.
12:19 of 3rd period - Mikael Backlund wins face-off versus Matt Pettinger in Staline zone.
12:57 of 3rd period - Matt Pettinger is hit by Tyler Brenner and loses puck.
13:08 of 3rd period - Wrist shot by David Desharnais.
13:08 of 3rd period - Shot Misses the Net.
13:18 of 3rd period - Snap shot by Nick Spaling.
13:18 of 3rd period - Shot Misses the Net.
13:44 of 3rd period - Icing by Dwight King.
13:45 of 3rd period - Matt Pettinger wins face-off versus Mikael Backlund in Atomiques zone.
14:18 of 3rd period - Penalty to Philip Larsen is over, Philip Larsen is back on ice.
14:53 of 3rd period - Backhand shot by Brett Sutter.
14:53 of 3rd period - Goal by Brett Sutter - Atomiques : 4 - Staline : 5.
14:54 of 3rd period - Mikael Backlund wins face-off versus Peter Holland in neutral zone.
14:59 of 3rd period - Slapshot by Davis Drewiske.
14:59 of 3rd period - Stopped by Allen York with a rebound.
15:01 of 3rd period - Snap shot by Dwight King.
15:01 of 3rd period - Shot Misses the Net.
15:03 of 3rd period - Slapshot by Shawn Belle.
15:03 of 3rd period - Stopped by Allen York with a rebound.
15:05 of 3rd period - Wrist shot by Dwight King.
15:05 of 3rd period - Shot Misses the Net.
15:19 of 3rd period - Alex Berry is hit by Corey Trivino and loses puck.
15:28 of 3rd period - Snap shot by Corey Trivino.
15:28 of 3rd period - Shot Blocked by Shawn Belle.
15:30 of 3rd period - Slapshot by Philip Larsen.
15:30 of 3rd period - Deflect By Corey Trivino.
15:30 of 3rd period - Stopped by Sergei Bobrovsky without a rebound.
15:31 of 3rd period - David Desharnais wins face-off versus Dwight King in Atomiques zone.
16:00 of 3rd period - Slapshot by James Sheppard.
16:00 of 3rd period - Stopped by Sergei Bobrovsky without a rebound.
16:01 of 3rd period - David Desharnais wins face-off versus Alex Berry in Atomiques zone.
16:06 of 3rd period - Slapshot by Matt Pettinger.
16:06 of 3rd period - Shot Blocked by Davis Drewiske.
16:30 of 3rd period - Slapshot by Corey Trivino.
16:30 of 3rd period - Shot Misses the Net.
16:32 of 3rd period - Wrist shot by James Sheppard.
16:32 of 3rd period - Shot Misses the Net.
16:34 of 3rd period - Slapshot by Stu Bickel.
16:34 of 3rd period - Stopped by Sergei Bobrovsky with a rebound.
16:36 of 3rd period - Snap shot by James Sheppard.
16:36 of 3rd period - Shot Misses the Net.
16:38 of 3rd period - Snap shot by James Sheppard.
16:38 of 3rd period - Stopped by Sergei Bobrovsky without a rebound.
16:39 of 3rd period - Mikael Backlund wins face-off versus Cody Eakin in Atomiques zone.
17:40 of 3rd period - Minor Penalty to Davis Drewiske for Interference.
17:41 of 3rd period - Branko Radivojevic wins face-off versus David Desharnais in Atomiques zone.
17:55 of 3rd period - Snap shot by Steven Goertzen.
17:55 of 3rd period - Shot Misses the Net.
17:57 of 3rd period - Slapshot by Steven Goertzen.
17:57 of 3rd period - Stopped by Sergei Bobrovsky without a rebound.
17:58 of 3rd period - Branko Radivojevic wins face-off versus David Desharnais in Atomiques zone.
18:53 of 3rd period - Minor Penalty to Dwight King for Delaying the game.
18:54 of 3rd period - Branko Radivojevic wins face-off versus David Desharnais in Atomiques zone.
19:40 of 3rd period - Penalty to Davis Drewiske is over, Davis Drewiske is back on ice.
19:55 of 3rd period - Davis Drewiske is hit by David Desharnais and loses puck.
Goals for this period are 1 for Atomiques vs 2 for Staline.
Shots for this period are 8 for Atomiques vs 14 for Staline.
Back to the Top